 Dungeon Crawl Stone Soup version 0.31-a0-865-g3d5d91748a (webtiles) character file.

Game seed: 1806274173423628137

199 LeprechaunX the Changeling (level 5, -1/35 HPs)
             Began as an Octopode Shapeshifter on Oct 10, 2023.
             Killed from afar by a steam dragon (22 damage)
             ... with a ball of steam
             ... on level 5 of the Dungeon.
             The game lasted 00:01:43 (1973 turns).

LeprechaunX the Changeling (Octopode Shapeshifter)  Turns: 1973, Time: 00:01:43

Health: -1/35      AC:  1    Str: 15    XL:     5   Next: 77%
Magic:  5/5        EV: 13    Int: 13    God:
Gold:   85         SH:  0    Dex: 11    Spells: 4/4 levels left

rFire   . .          .
                       - Unarmed
rCold   . . .        (no shield)
rNeg    + . .        (helmet currently unavailable)
rPois   +            (no amulet)
rElec   .            j - ring of poison resistance
rCorr   .            r - ring of positive energy
SInv    .            (no ring)
Will    .....        (no ring)
Stlth   ++           (no ring)
HPRegen 0.25/turn    (no ring)
MPRegen 0.09/turn    (no ring)
                     (no ring)

%: no passive effects
@: beast-form
A: beast (slay +2), almost no armour, amphibious, 8 rings, camouflage 1,
gelatinous body 1, (nimble swimmer 1), tentacles
a: Begin Untransformation


You were on level 5 of the Dungeon.
You were a hulking beast.
You visited 1 branch of the dungeon, and saw 4 of its levels.

You collected 85 gold pieces.

Inventory:

Jewellery
 j - a ring of poison resistance (left tentacle)
 k - a ring of wizardry
 r - a ring of positive energy (right tentacle)
Talismans
 b - a beast talisman (active)
 c - a flux talisman
Scrolls
 d - a scroll of enchant weapon {unknown}
 e - a scroll of identify {unknown}
 f - a scroll of immolation {unknown}
 h - a scroll of torment {unknown}
 m - a scroll of silence {unknown}
 n - 2 scrolls of teleportation {unknown}
 p - 2 scrolls of brand weapon {unknown}
Potions
 a - 3 potions of lignification
 g - 2 potions of might {unknown}
 i - a potion of cancellation {unknown}
 l - 3 potions of curing {unknown}
 o - a potion of brilliance {unknown}
 q - a potion of heal wounds {unknown}
 s - a potion of degeneration {unknown}


   Skills:
 + Level 2.4 Fighting
 + Level 3.1 Dodging
 + Level 3.8 Unarmed Combat
 * Level 4.3 Shapeshifting


You had 4 spell levels left.
You didn't know any spells.
Your spell library contained the following spells:

 Spells                   Type           Power      Damage    Failure   Level
 Magic Dart               Conj           0%         1d3       30%         1
 Searing Ray              Conj           0%         2d4       43%         2
 Summon Guardian Golem    Hex/Summ       0%         N/A       67%         3
 Fulminant Prism          Conj/Hex       0%         3d5       97%         4
 Orb of Destruction       Conj           0%         9d5       100%        7
 Spellforged Servitor     Conj/Summ      0%         N/A       100%        7


Dungeon Overview and Level Annotations

Branches:
Dungeon (5/15)
 Temple: D:4-7

Altars:
Uskayaw


Innate Abilities, Weirdness & Mutations

You are a hulking beast.
Your limbs bulge with bestial killing power. (Slay +2)
You cannot wear most types of armour.
You are amphibious.
You can wear up to eight rings at the same time.
Your skin changes colour to match your surroundings (Stealth+).
Your rubbery body absorbs attacks. (AC +1, EV +1)
((You are camouflaged when in or above water. (Stealth+)))
You have tentacles for arms and can constrict up to eight enemies at once.


Message History

You constrict the iguana. The iguana closely misses you.
You tentacle-slap the iguana.
The iguana is almost dead.
You constrict the iguana.
You kill the iguana!
No target in view!
No target in view!
A steam dragon comes into view.
A steam dragon is nearby!
A steam dragon is nearby!
The steam dragon hisses angrily.
You bludgeon the steam dragon!
The steam dragon is moderately wounded.
The steam dragon closely misses you. The steam dragon claws you.
You closely miss the steam dragon. Your squeeze misses the steam dragon.
The steam dragon is moderately wounded.
The steam dragon barely misses you. The steam dragon claws you.
You closely miss the steam dragon. Your squeeze misses the steam dragon.
The steam dragon is moderately wounded.
The steam dragon closely misses you. x2
You tentacle-slap the steam dragon but do no damage.
The steam dragon is moderately wounded.
The steam dragon barely misses you. The steam dragon completely misses you.
You tentacle-slap the steam dragon. Your squeeze misses the steam dragon.
The steam dragon is heavily wounded.
The steam dragon barely misses you. The steam dragon claws you.
You barely miss the steam dragon.
The steam dragon is heavily wounded.
You tentacle-slap the steam dragon.
The steam dragon is severely wounded.
The steam dragon barely misses you. The steam dragon claws you.
You tentacle-slap the steam dragon but do no damage.
The steam dragon is severely wounded.
The steam dragon bites you! The steam dragon closely misses you.
You barely miss the steam dragon. Your squeeze misses the steam dragon.
The steam dragon is severely wounded.
The steam dragon breathes steam at you. The ball of steam hits you!!
Ouch! That really hurt!
You die...

.. ...##..##
........#
.....#..####
...........#
.....#..##?##.#
.........hD..#
##...#.#...#
#.####....###..#
.........## #...
########..###.####
#...#. #..#.#####
##..#......
..#######
#.....###


You could see a steam dragon (catching breath).

Vanquished Creatures
  A black bear (D:5)
  An iguana (D:5)
  An adder (D:2)
  A worm (D:2)
  2 dart slugs
  5 ball pythons
  4 endoplasms (D:1)
  5 goblins
  7 hobgoblins
  13 jackals
  5 kobolds
  5 bats (D:1)
  4 frilled lizards
  4 rats
58 creatures vanquished.

Notes
Turn   | Place    | Note
-------+----------+-------------------------------------------
     0 | D:1      | LeprechaunX the Octopode Shapeshifter began the quest for
                  | the Orb.
     0 | D:1      | Reached XP level 1. HP: 13/13 MP: 1/1
    65 | D:1      | Reached XP level 2. HP: 18/18 MP: 2/2
   321 | D:1      | Reached XP level 3. HP: 20/23 MP: 3/3
  1160 | D:2      | Reached XP level 4. HP: 27/29 MP: 4/4
  1770 | D:3      | Noticed a +0 spear
  1770 | D:3      | Noticed a +0 short sword
  1772 | D:3      | Noticed a +0 falchion
  1772 | D:3      | Noticed a +0 dagger
  1772 | D:3      | Noticed a +0 falchion
  1773 | D:3      | Noticed a +0 spear
  1773 | D:3      | Noticed a +0 dagger
  1774 | D:3      | Noticed a +0 short sword
  1777 | D:3      | Found a hide-covered altar of Uskayaw.
  1829 | D:3      | You fall into a shaft and drop 2 floors!
  1829 | D:5      | Entered Level 5 of the Dungeon
  1833 | D:5      | Noticed a black bear
  1840 | D:5      | Killed a black bear
  1841 | D:5      | Reached skill level 4 in Shapeshifting
  1841 | D:5      | Reached XP level 5. HP: 8/35 MP: 5/5
  1963 | D:5      | Noticed a steam dragon
  1973 | D:5      | Killed from afar by a steam dragon

Illustrated notes

Levels and vault maps discovered:
D:1:      eino_arrival_cavern_a, layout_basic, serial_forest,
          infiniplex_forest_straight_4, infiniplex_forest_lined_2,
          infiniplex_forest_lined_3_way, infiniplex_forest_lined_room_2,
          infiniplex_forest_clump_curved, infiniplex_forest_pool,
          infiniplex_forest_lined_3, infiniplex_forest_clump_cross
D:2:      layout_loops_ring
D:3:      layout_loops_ring, nicolae_uskayaw_en_pointe, grunt_ministairs_6,
          uniq_terence
D:5:      layout_loops_ring, uniq_eustachio

Skill      XL: |  1  2  3  4 |
---------------+-------------+-----
Fighting       | 2 |  2.4
Dodging        | 3 |  3.1
Shapeshifting  | 4 |  4.3
Unarmed Combat | |  3.8

Action                     |  1- 3 |  4- 6 || total
---------------------------+-------+-------++-------
  Melee: Unarmed           |    81 |    38 ||   119
         Constrict         |    21 |     9 ||    30
         Tentacles         |    12 |    11 ||    23
         Punch             |     2 |     2 ||     4
   Stab: Sleeping          |     3 |     3 ||     6
 Armour: Skin              |    30 |    23 ||    53
  Dodge: Dodged            |    49 |    20 ||    69

Table legend: (Time is in decaauts)
 A = Elapsed time spent in this place.
 B = Non-inter-level travel time spent in this place.
 C = Inter-level travel time spent in this place.
 D = Time resting spent in this place.
 E = Time spent auto-exploring this place.
 F = Levels seen in this place.
 G = Mean time per level.
                   A        B        C        D        E       F      G
               +--------+--------+--------+--------+--------+-----+--------+
         Total |   1963 |   1908 |     55 |    209 |   1401 |   4 |  490.8 |
       Dungeon |   1963 |   1908 |     55 |    209 |   1401 |   4 |  490.8 |
               +--------+--------+--------+--------+--------+-----+--------+

Top non-repeatable levels by time:
     D:1: 832 daAuts
     D:2: 779 daAuts
     D:3: 209 daAuts
     D:5: 142 daAuts
